 Dungeon Crawl Stone Soup version 0.31-a0-145-g046c7d2549 (webtiles) character file.

Game seed: 6577117786072912032

2427088 Zonian the Cloud Mage (level 27, 163/163 HPs)
             Began as a Tengu Air Elementalist on May 29, 2023.
             Was a High Priest of Jiyva.
             Escaped with the Orb
             ... and 5 runes on June 4, 2023!
             The game lasted 07:07:54 (105007 turns).

Zonian the Cloud Mage (Tengu Air Elementalist)    Turns: 105007, Time: 07:07:55

Health: 163/163    AC: 28    Str: 16    XL:     27
Magic:  46/46      EV: 43    Int: 29    God:    Jiyva [*****.]
Gold:   5950       SH: 17    Dex: 26    Spells: 0/62 levels left

rFire   + + .        p - +7 rapier (drain)
rCold   + + +        a - +0 buckler {reflect}
rNeg    + + .        u - +9 scale mail "Inyos" {Rampage}
rPois   +            J - -2 hat of the Alchemist {rElec rPois rF+ rC+ rN+ Will+ rMut rCorr}
rElec   +            b - scarf of the Other World {rC+ rF+, Str+6 Int+2 Dex+5}
rCorr   +            m - +3 pair of gloves of Lareypin {Will+ Regen+ Dex+3}
SInv    .            (boots unavailable)
Will    ++++.        c - amulet "Ijyif" {Reflect rC+ Dex-4 SH+5 Stlth+}
Stlth   ++           d - ring of the Hare {EV+10}
HPRegen 2.71/turn    t - ring "Qydwoone" {rN+ Int+4 Slay+3}
MPRegen 0.75/turn

%: reflection, resist mutation, rampage
@: flying quickly and evasively, studying Unarmed Combat, quick
A: beak, talons 3, nimble flight, iridescent scales 3, large bone plates 1,
agile 1, cold resistance 1, deterioration 1, frail 1, sense surroundings 3,
poison resistance, acidic bite, gelatinous body 3, pseudopods 3, jelly sensing
items, jelly absorbing missiles, sturdy frame 1
0: Orb of Zot
}: 5/15 runes: decaying, serpentine, slimy, silver, demonic
a: Renounce Religion, Oozemancy, Slimify


You escaped.
You worshipped Jiyva.
Jiyva was extremely pleased with you.
You visited 12 branches of the dungeon, and saw 56 of its levels.
You visited Pandemonium 1 time, and saw 4 of its levels.
You visited 1 bazaar.
You visited 1 ziggurat, and saw 8 of its levels.
You also visited: Bailey.

You collected 7763 gold pieces.
You spent 1813 gold pieces at shops.

Inventory:

Hand Weapons
 p - a +7 rapier of draining (weapon)
 s - the +8 rapier of Tudos {pain, rElec rC+++ rCorr Str-4}
   (You took it off a deep elf death mage on level 3 of the Elven Halls)

   Str:       It affects your strength (-4).
   rC:        It renders you almost immune to cold.
   rElec:     It insulates you from electricity.
   rCorr:     It protects you from acid and corrosion.
 w - the +8 dagger of Nirchekki {drain, Str+2 SInv}
   (You bought it in a shop in a bazaar)

   Str:       It affects your strength (+2).
   SInv:      It lets you see invisible.
 C - a +6 quick blade of draining
Missiles
 q - a throwing net
 B - 5 silver javelins
 F - 13 curare-tipped darts
 H - 3 boomerangs of dispersal
 P - 5 javelins
Armour
 a - a +0 buckler of reflection (worn)
 b - the scarf of the Other World (worn) {rC+ rF+, Str+6 Int+2 Dex+5}
   (You acquired it on level 3 of the Dungeon)

   Str:       It affects your strength (+6).
   Int:       It affects your intelligence (+2).
   Dex:       It affects your dexterity (+5).
 m - the +3 pair of gloves of Lareypin (worn) {Will+ Regen+ Dex+3}
   (You found it on level 1 of the Snake Pit)

   Dex:       It affects your dexterity (+3).
   Regen:     It increases your rate of health regeneration.
   Will:      It increases your willpower.
 u - the +9 scale mail "Inyos" (worn) {Rampage}
   (You acquired it on level 8 of the Dungeon)

   Rampage:   It bestows one free step when moving towards enemies.
 E - a +0 kite shield of reflection
 J - the -2 hat of the Alchemist (worn) {rElec rPois rF+ rC+ rN+ Will+ rMut rCorr}
   (You acquired it in a bailey)

   rF:        It protects you from fire.
   rC:        It protects you from cold.
   rElec:     It insulates you from electricity.
   rPois:     It protects you from poison.
   rN:        It protects you from negative energy.
   rCorr:     It protects you from acid and corrosion.
   rMut:      It protects you from mutation.
   Will:      It increases your willpower.
Magical Staves
 e - a staff of air
Jewellery
 c - the amulet "Ijyif" (around neck) {Reflect rC+ Dex-4 SH+5 Stlth+}
   (You found it on level 3 of a ziggurat)

   [amulet of reflection]

   It reflects blocked missile attacks.
   Dex:       It affects your dexterity (-4).
   rC:        It protects you from cold.
   SH:        It affects your SH (+5).
   Stlth:     It makes you more stealthy.
 d - the ring of the Hare (left hand) {EV+10}
   (You found it on level 5 of the Pits of Slime)

   [ring of evasion]

   EV:        It affects your evasion (+10).
 g - an amulet of guardian spirit
 t - the ring "Qydwoone" (right hand) {rN+ Int+4 Slay+3}
   (You found it on level 3 of the Crypt)

   [ring of positive energy]

   Int:       It affects your intelligence (+4).
   Slay:      It affects your accuracy & damage with ranged weapons and melee
   (+3).
   rN:        It protects you from negative energy.
 S - the ring of Nuw Fargh {rN+ Int+6 Dex+3 SInv}
   (You acquired it on level 2 of the Lair of Beasts)

   [ring of intelligence]

   Int:       It affects your intelligence (+6).
   Dex:       It affects your dexterity (+3).
   rN:        It protects you from negative energy.
   SInv:      It lets you see invisible.
 V - a ring of magical power
Wands
 n - a wand of mindburst (31)
 M - a wand of digging (22)
 Q - a wand of flame (38)
 R - a wand of light (3)
 W - a wand of iceblast (16)
 X - a wand of polymorph (19)
Scrolls
 h - 3 scrolls of silence
 k - 13 scrolls of fog
 o - 7 scrolls of teleportation
 v - 2 scrolls of blinking
 L - 7 scrolls of fear
 T - 27 scrolls of identify
 U - a scroll of butterflies
 Y - 4 scrolls of poison
 Z - 2 scrolls of magic mapping
Potions
 f - 3 potions of cancellation
 i - a potion of invisibility
 j - 14 potions of curing
 r - 2 potions of berserk rage
 z - 4 potions of brilliance
 D - 2 potions of might
 G - 6 potions of enlightenment
 I - 2 potions of haste
 K - 3 potions of heal wounds
 N - 2 potions of resistance
 O - 5 potions of ambrosia
Miscellaneous
 l - a condenser vane
 y - the horn of Geryon
 A - a box of beasts


   Skills:
 - Level 21.3 Fighting
 - Level 18.0 Short Blades
 - Level 4.0 Throwing
 + Level 16.8 Armour
 - Level 17.1 Dodging
 - Level 12.0 Stealth
 - Level 10.0 Shields
 - Level 18.0 Spellcasting
 - Level 21.0 Conjurations
 - Level 2.0 Hexes
 - Level 16.0 Summonings
 - Level 9.1 Necromancy
 - Level 4.0 Translocations
 - Level 13.4 Fire Magic
 - Level 24.1 Air Magic
 - Level 4.0 Poison Magic
 - Level 14.4 Evocations


You couldn't memorise any spells.
You knew the following spells:

 Your Spells              Type           Power      Damage    Failure   Level
a - Shock                 Conj/Air       100%       1d9       0%          1
b - Static Discharge      Conj/Air       100%       2-7/arc   0%          2
c - Swiftness             Air            100%       N/A       0%          3
d - Airstrike             Air            52%        2d(8-24)  0%          4
e - Fulminant Prism       Conj/Hex       37%        3d17      1%          4
f - Sticky Flame          Conj/Fire      90%        2d10      1%          4
g - Arcjolt               Conj/Air       51%        1d61      0%          5
h - Mephitic Cloud        Conj/Pois/Air  88%        N/A       0%          3
i - Iskenderun's Battles  Conj           99%        2d15      0%          5
j - Starburst             Conj/Fire      45%        6d13      1%          6
k - Blink                 Tloc           98%        N/A       1%          2
l - Dispel Undead         Necr           68%        3d23      1%          4
m - Summon Lightning Spi  Summ/Air       97%        N/A       0%          4
n - Maxwell's Capacitive  Air            52%        ∞         1%          8
o - Spellforged Servitor  Conj/Summ      46%        N/A       1%          7

Your spell library contained the following spells:

 Spells                   Type           Power      Damage    Failure   Level
 Foxfire                  Conj/Fire      100%       2x1d9     0%          1
 Kiss of Death            Conj/Necr      100%       2d13      0%          1
 Magic Dart               Conj           100%       1d8       0%          1
 Call Imp                 Summ           100%       N/A       0%          2
 Poisonous Vapours        Pois/Air       100%       N/A       0%          2
 Searing Ray              Conj           100%       2d8       0%          2
 Call Canine Familiar     Summ           87%        N/A       0%          3
 Apportation              Tloc           98%        N/A       1%          1
 Slow                     Hex            100%       N/A       1%          1
 Sting                    Tmut/Pois      100%       1d8       1%          1
 Cigotuvi's Dreadful Rot  Necr/Pois/Air  100%       N/A       1%          2
 Momentum Strike          Conj/Tloc      100%       3d10      1%          2
 Scorch                   Fire           100%       2d9       1%          2
 Sublimation of Blood     Necr           68%        N/A       1%          2
 Dazzling Flash           Conj/Hex       100%       N/A       1%          3
 Hailstorm                Conj/Ice       72%        3d15      1%          3
 Inner Flame              Hex/Fire       63%        N/A       1%          3
 Stone Arrow              Conj/Erth      100%       3d13      1%          3
 Summon Guardian Golem    Hex/Summ       68%        N/A       1%          3
 Vampiric Draining        Necr           68%        2d10      1%          3
 Volatile Blastmotes      Fire/Tloc      100%       2d18      1%          3
 Animate Armour           Summ/Erth      100%       N/A       1%          4
 Flame Wave               Conj/Fire      90%        2d19      1%          4
 Iskenderun's Mystic Bla  Conj/Tloc      78%        2d16      1%          4
 Fireball                 Conj/Fire      45%        3d18      1%          5
 Irradiate                Conj/Tmut      36%        3d23      1%          5
 Summon Forest            Summ/Tloc      35%        N/A       1%          5
 Conjure Ball Lightning   Conj/Air       51%        3x3d18    1%          6
 Summon Cactus Giant      Summ           43%        N/A       1%          6
 Orb of Destruction       Conj           49%        9d13      1%          7
 Summon Mana Viper        Hex/Summ       68%        N/A       2%          5
 Beastly Appendage        Tmut           52%        N/A       3%          1
 Sandblast                Erth           52%        2d12      3%          1
 Ensorcelled Hibernation  Hex/Ice        64%        N/A       3%          2
 Portal Projectile        Hex/Tloc       86%        N/A       3%          3
 Anguish                  Hex/Necr       28%        N/A       3%          4
 Passwall                 Tmut/Erth      21%        N/A       4%          2
 Wereblood                Tmut           26%        N/A       4%          2
 Confusing Touch          Hex            38%        N/A       4%          3
 Spider Form              Tmut/Pois      37%        N/A       4%          3
 Tukima's Dance           Hex            38%        N/A       4%          3
 Summon Hydra             Summ           43%        N/A       4%          7
 Olgreb's Toxic Radiance  Pois           49%        N/A       6%          4
 Passage of Golubria      Tloc           49%        N/A       6%          4
 Leda's Unmaking          Conj/Erth      36%        9d6       7%          6
 Death Channel            Necr           34%        N/A       12%         6
 Storm Form               Tmut/Air       38%        N/A       21%         7
 Leda's Liquefaction      Hex/Erth       16%        N/A       22%         4
 Summon Horrible Things   Summ           43%        N/A       30%         8
 Ice Form                 Ice/Tmut       26%        N/A       32%         4
 Petrify                  Tmut/Erth      26%        N/A       32%         4
 Alistair's Intoxication  Tmut/Pois      24%        N/A       38%         5
 Yara's Violent Unravell  Hex/Tmut       16%        3d8       52%         5
 Blade Hands              Tmut           13%        N/A       67%         5
 Eringya's Noxious Bog    Tmut/Pois      18%        N/A       92%         6
 Borgnjor's Revivificati  Necr           34%        N/A       99%         8
 Enfeeble                 Hex            19%        N/A       100%        7
 Necromutation            Tmut/Necr      25%        N/A       100%        8
 Death's Door             Necr           34%        N/A       100%        9


Dungeon Overview and Level Annotations

Branches:
Dungeon (15/15)            Temple (0/1) D:5            Lair (5/5) D:9
  Swamp (4/4) Lair:2        Snake (4/4) Lair:2        Slime (5/5) Lair:5
    Orc (2/2) D:9             Elf (3/3) Orc:2        Vaults (5/5) D:14
  Crypt (3/3) Vaults:2       Tomb (0/3) Crypt:3      Depths (4/4) D:15
   Hell (visited)             Dis (0/7) Hell            Geh (0/7) Hell
    Coc (0/7) Hell            Tar (0/7) Hell            Zot (5/5) Depths:4
 Bailey (visited)

Altars:
Ashenzari
Elyvilon
Hepliaklqana
Kikubaaqudgha
Makhleb
Nemelex Xobeh
Okawaru
Qazlal
Ru
Sif Muna
Trog
Uskayaw
Xom
Yredelemnul
Zin
The Shining One
Ignis
Jiyva
Lugonu

Shops:
D:4 *   Orc:2 ([([[   Elf:3 =((   Snake:3 :   Snake:4 [[   Vaults:2 [

Portals:
Hell: Depths:1 Depths:2 Depths:3 Depths:4
Abyss: Depths:2 Depths:3 Depths:4
Pandemonium: Depths:2

Annotations:
Slime:5 Royal Jelly
Elf:1 1 runed translucent door
Elf:2 5 runed translucent doors
Zot:1 1 runed translucent door, Juhipt's ghost, veteran MiBe
Zot:2 1 runed translucent door, Wefy's ghost, legendary GnIE


Innate Abilities, Weirdness & Mutations

You have a beak for a mouth.
You have claws for feet.
Your magical nature lets you fly swiftly and evasively.
You are completely covered in iridescent scales. (AC +6)
You are partially covered in large bone plates. (SH +4)
You are agile. (Dex +4, Str/Int -1)
Your flesh is cold resistant. (rC+)
Your body sometimes deteriorates upon taking damage.
You are frail. (-10% HP)
You passively map a large area around you.
Your system is resistant to poisons. (rPois)
You have acidic saliva.
Your gelatinous body deflects attacks. (AC +3, EV +3)
Armour fits poorly on your massive pseudopods.
You have a small jelly attached to you that senses nearby items.
You have a small jelly attached to you that may absorb projectiles.
Your movements are slightly less encumbered by armour. (ER -2)


Message History

As you read the scroll of teleportation, it crumbles to dust.
You feel strangely unstable.
You feel the Orb delaying your translocation!
Unknown command.
Your surroundings suddenly seem different.
Unknown command.
There is an escape hatch in the ceiling here.
A mysterious force pulls you upwards. The hatch slams shut behind you.
Unknown command.
(D) Dungeon (T) Temple (L) Lair (S) Swamp (P) Snake Pit (M) Slime Pits (O) Orcish Mines (E) Elven Halls (V) Vaults (C) Crypt (W) Tomb (U) Depths (H) Hell (I) Dis (G) Gehenna (X) Cocytus (Y) Tartarus (Z) Zot
Where to? (Enter - D:3, ? - help)
There is an open door here.
You reach down and open the door.
There is an open door here.
There is a stone staircase leading up here.
You fly upwards.
There is a stone staircase leading down here.
Unknown command.
(D) Dungeon (T) Temple (L) Lair (S) Swamp (P) Snake Pit (M) Slime Pits (O) Orcish Mines (E) Elven Halls (V) Vaults (C) Crypt (W) Tomb (U) Depths (H) Hell (I) Dis (G) Gehenna (X) Cocytus (Y) Tartarus (Z) Zot
Where to? (Enter - D:2, ? - help)
There is a stone staircase leading up here.
You fly upwards.
Jiyva gurgles merrily.
There is a stone staircase leading down here.
Unknown command.
You hear a distant slurping noise. x2
You hear a distant slurping noise.
You hear a distant slurping noise. x2
You hear a distant slurping noise.
You hear a distant slurping noise.
There is a staircase leading out of the dungeon here.
You have escaped!

.).....###...#......#>........###
♣♣♣♣♣♣...'...............).......
....######......#..#..........###
...#....#......#.#...#........#
P..#..........#...#......####.#
...#.....#####.....#####.# #.#
.P.#......#...........#..# #.###
P♣P........#.........#..## #.#..
P.......#..#....@....#..## #.#.#
..........#...........#..# #.#.#
...#.....#####.....#####.# #.#.#
.[.#..........#...#......####.#.#
...#........#..#.#..#####.....#.#
...#....###.##..#..######.#####.#
#####.........#...#.....#.# #.#
..........###....##.###.#.# #.#
..........# #.##......#.#.# #..


There were no monsters in sight!

Vanquished Creatures
  Ignacio (Pan)
  4 pandemonium lords (Pan)
  5 dread liches
  An ancient lich (Zig:8)
  Mara (Vaults:4)
  4 orbs of fire
  The ghost of Vaid the Gnoll Aeon, a master GnFi of Cheibriados (Zot:4)
  Bai Suzhen (Depths:2)
  Vv (Crypt:1)
  Josephina (Depths:2)
  3 Killer Klowns (Zot:5)
  4 shard shrikes (Depths:3)
  Geryon (Hell)
  6 curse toes
  6 golden dragons
  Xtahua (Depths:3)
  2 bone dragons
  5 electric golems
  2 Tzitzimimeh (Pan)
  An iron giant (Zot:4)
  4 Ice Fiends
  A Brimstone Fiend (Pan)
  2 hellephants
  4 liches
  10 tentacled monstrosities
  26 Orb Guardians
  11 quicksilver dragons
  A walking divine tome (Depths:4)
  A walking frostbound tome (Depths:3)
  2 walking earthen tomes
  A deep elf master archer (Elf:3)
  3 titans
  5 Executioners (Pan)
  10 death cobs
  A deep elf blademaster (Elf:3)
  An ancient champion (Crypt:2)
  2 tentacled starspawn (Zig:7)
  Murray (Depths:2)
  10 sphinxes
  Agnes (D:14)
  A thorn hunter (Swamp:2)
  7 storm dragons
  8 tengu reavers
  The ghost of Suloph the Slayer, a journeyman MiFi of Makhleb (Lair:5)
  3 draconian monks (Zot:1)
  7 shadow dragons
  5 fire giants
  A nargun (Depths:3)
  4 demonspawn warmongers (Pan)
  5 nagarajas
  4 draconian knights
  A daeva (Zig:3)
  An iron dragon (Depths:1)
  8 deep elf sorcerers
  17 vault wardens
  12 frost giants
  Louise (Depths:3)
  5 curse skulls
  5 balrugs
  3 draconian scorchers (Zot:1)
  A ghoul (Crypt:1)
  5 draconian shifters
  4 deep elf elementalists (Elf:3)
  3 cacodemons (Pan)
  A juggernaut zombie (Crypt:1)
  7 demonspawn corrupters (Pan)
  5 reapers
  13 stone giants
  22 ironbound preservers
  2 angels (Elf:1)
  3 draconian stormcallers
  A broodmother (Zig:5)
  13 very ugly things
  4 demonspawn blood saints (Pan)
  8 ironbound thunderhulks
  2 apis (Zig:3)
  An ophan (Depths:1)
  7 war gargoyles
  2 vampire knights (Crypt:3)
  A putrid mouth (Hell)
  7 deep elf demonologists
  4 green draconians
  12 black draconians
  8 dire elephants
  3 demonspawn black suns (Pan)
  4 eleionomae
  5 deep elf annihilators
  3 bunyips
  A lorocyproca (Pan)
  5 purple draconians
  10 red draconians
  10 white draconians
  Azrael (D:14)
  Snorg (D:10)
  7 yellow draconians
  9 blizzard demons
  2 crystal guardians (D:14)
  4 eidola
  2 jiangshi (Crypt:3)
  7 deep elf death magi
  4 green deaths (Pan)
  9 ettins
  5 deep elf high priests (Elf:3)
  2 iron golems (Depths:2)
  2 entropy weavers
  12 fire dragons
  18 yaktaur captains
  2 shambling mangroves
  A spriggan zombie (Crypt:3)
  3 spriggan air magi
  7 ice dragons
  8 ogre magi
  A rakshasa (Depths:1)
  15 anacondas
  22 hydras
  2 caustic shrike simulacra
  Erolcha (D:12)
  7 centaur warriors
  A catoblepas (Lair:5)
  A quicksilver dragon skeleton (Crypt:3)
  30 vault guards
  A juggernaut simulacrum (Depths:2)
  2 peacekeepers
  2 death knights
  3 hell beasts
  5 ironbound frosthearts
  9 alligators
  14 dancing weapons
  4 tengu warriors
  6 boulder beetles
  25 two-headed ogres
  9 deep troll shamans
  An orc high priest (Orc:2)
  5 hell hogs
  17 naga warriors
  4 vampire magi
  18 naga sharpshooters
  22 death yaks
  25 demonic crawlers
  12 deep troll earth magi
  5 spriggan berserkers
  12 shock serpents
  5 soul eaters
  25 hell knights
  46 sun demons
  A skyshark (Lair:5)
  10 deep elf knights
  6 sixfirhies (Pan)
  Lodul (D:10)
  2 sun moths (Zig:2)
  A bunyip zombie (Crypt:1)
  37 skeletal warriors
  A ghost moth zombie (Crypt:2)
  8 salamander mystics
  A titan skeleton (Crypt:3)
  13 iron trolls
  2 goliath frogs
  4 shadow demons (Pan)
  5 shadow wraiths
  5 sea snakes (Snake:2)
  50 deep trolls
  2 orb spiders
  5 flayed ghosts
  8 naga ritualists
  2 orange crystal statues (Depths:3)
  A spriggan simulacrum (Depths:3)
  A bog body (Swamp:1)
  5 spriggan druids
  21 ironbound convokers
  15 swamp dragons
  13 necromancers
  13 harpies
  8 deep elf archers
  A bunyip skeleton (Crypt:3)
  11 phantasmal warriors
  A lindwurm (Lair:5)
  7 orc knights
  11 mana vipers
  7 orc sorcerers
  13 wizards
  36 deep elf pyromancers
  27 deep elf zephyrmancers
  6 manticores
  A wolf spider (D:15)
  27 ugly things
  2 iron dragon skeletons (Crypt:3)
  28 moths of wrath
  22 salamanders
  10 cyclopes
  5 will-o-the-wisps
  A worldbinder (Zig:7)
  4 guardian serpents
  34 elephants
  33 black mambas
  A dire elephant zombie (Crypt:3)
  3 rust devils (Depths:2)
  26 vault sentinels
  An ice statue (Lair:5)
  Maurice (D:12)
  A fire giant skeleton (Depths:1)
  19 naga magi
  A molten gargoyle (Depths:1)
  2 storm dragon simulacra
  A cane toad (shapeshifter) (Elf:3)
  A frost giant skeleton (Depths:1)
  17 smoke demons
  A titan simulacrum (Depths:2)
  An orange demon (Pan)
  20 hellions
  2 torpor snails
  7 gargoyles
  A dire elephant skeleton (Crypt:3)
  2 unseen horror zombies (D:8)
  A rime drake (shapeshifter) (D:13)
  2 unseen horrors
  13 cane toads
  2 kobold demonologists
  6 rime drakes
  9 freezing wraiths
  27 yaktaurs
  2 spark wasp simulacra (Depths:2)
  2 efreet
  12 komodo dragons
  A yaktaur (shapeshifter) (D:10)
  A catoblepas skeleton (Crypt:3)
  2 spriggan skeletons
  4 ice devils
  4 tengu conjurers
  5 tormentors
  13 trolls
  A queen bee (Lair:2)
  5 hellwings
  6 polar bears
  4 red devils
  A merfolk (shapeshifter) (Zig:8)
  Grinder (D:3)
  A bloated husk (Swamp:4)
  A silent spectre (D:14)
  9 tyrant leeches
  6 saltlings (Orc:2)
  13 hornets
  A sphinx simulacrum (Depths:1)
  A tarantella (shapeshifter) (Zig:8)
  A blink frog (shapeshifter) (D:14)
  28 blink frogs
  7 dream sheep
  A radroach zombie (Crypt:2)
  An ettin zombie (Crypt:3)
  A fire dragon zombie (Crypt:3)
  An air elemental (Elf:2)
  A frost giant simulacrum (Depths:1)
  9 slime creatures (D:12)
  A culicivora (Zig:5)
  14 wraiths
  7 shadows
  4 vampires
  61 yaks
  14 spriggans
  Sigmund (D:2)
  18 ynoxinuls (Pan)
  A black mamba skeleton (Crypt:3)
  20 humans (D:14)
  4 fire bats (Pan)
  2 water elementals
  2 steam dragons
  An unseen horror simulacrum (D:10)
  9 wyverns
  13 chaos spawn
  8 starcursed masses (Zig:7)
  4 vampire mosquitoes (D:14)
  4 basilisks
  20 fire elementals
  2 redbacks
  13 swamp worms
  54 nagas
  A naga (shapeshifter) (Depths:2)
  3 neqoxecs
  3 naga zombies (Crypt:3)
  A two-headed ogre zombie (Crypt:1)
  6 wargs
  A deep troll zombie (Crypt:1)
  An acid dragon (D:13)
  9 large abominations
  17 water moccasins
  8 hell hounds
  A floating eye (shapeshifter) (D:10)
  5 ice beasts
  23 orc warriors
  5 swamp drakes
  A black bear (Lair:5)
  2 sky beasts (D:7)
  3 boggarts
  An ettin simulacrum (Depths:3)
  21 ogres
  17 centaurs
  18 wolves
  A phantom (D:7)
  7 kobold brigands
  A vine stalker zombie (Crypt:2)
  11 bullfrogs
  A wyvern zombie (D:8)
  5 scorpions
  A polar bear zombie (Crypt:2)
  34 killer bees
  A warg skeleton (Crypt:2)
  A polar bear skeleton (Crypt:2)
  10 electric eels
  3 howler monkeys
  A troll skeleton (Crypt:1)
  A black bear zombie (Crypt:1)
  9 orc priests
  4 jellies
  4 centaur zombies
  A water moccasin simulacrum (D:6)
  A gnoll bouda (D:5)
  A hound (D:5)
  A sleepcap (D:5)
  Ijyb (D:3)
  5 iguanas
  21 orc wizards
  2 killer bee zombies (D:8)
  A centaur simulacrum (D:6)
  An acid dragon skeleton (Crypt:1)
  An ogre zombie (D:5)
  The ghost of GonguanaGonguana the Digger, a weakling MeEE (D:6)
  7 gnolls
  A gnoll zombie (D:5)
  2 orc zombies
  5 adders
  2 white imps (D:6)
  An ufetubus (D:5)
  An iguana skeleton (Crypt:2)
  4 worms
  4 dart slugs
  65 orcs
  5 ball pythons
  5 bats
  5 endoplasms
  2 giant cockroaches
  4 hobgoblins
  12 jackals
  23 kobolds
  3 quokkas
  4 frilled lizards
  13 goblins
  A goblin zombie (Crypt:2)
  A hobgoblin skeleton (Crypt:1)
  4 rats
  A rat skeleton (Crypt:2)
  A spectral orc (D:7)
  3 fire vortices (Hell)
  3 starspawn tentacles (Zig:7)
2467 creatures vanquished.

Vanquished Creatures (collateral kills)
  2 Killer Klowns (Zot:5)
  A curse toe (Zot:3)
  Jory (Vaults:2)
  A Tzitzimitl (Pan)
  An Ice Fiend (Pan)
  A deep elf sorcerer (Elf:3)
  A deep elf elementalist (Elf:3)
  A draconian shifter (Zot:5)
  A draconian stormcaller (Zot:5)
  Nessos (D:12)
  A deep elf annihilator (Elf:3)
  A deep elf high priest (Elf:3)
  A spriggan air mage (Depths:2)
  A demonic crawler (Pan)
  A deep troll (Depths:4)
  A shadow demon (Pan)
  A smoke demon (Pan)
  A tormentor (Pan)
  An air elemental (Elf:3)
  A shadow (Crypt:3)
  A ynoxinul (Pan)
  A chaos spawn (Pan)
23 creatures vanquished.

Vanquished Creatures (others)
  A vault warden (Vaults:1)
  An emperor scorpion (Zig:5)
  2 formless jellyfish
  An ironbound preserver (Vaults:1)
  A green draconian (Depths:4)
  A dire elephant (Vaults:2)
  9 great orbs of eyes
  A yaktaur captain (Vaults:1)
  The ghost of Zonian the Skirmisher, a journeyman TeHu of Nemelex Xobeh (Lair:4)
  A vault guard (Vaults:3)
  An anaconda (Snake:4)
  An alligator (shapeshifter) (Vaults:5)
  A hell hog (Hell)
  A hell knight (Hell)
  2 sun demons (Pan)
  A deep troll (shapeshifter) (Vaults:5)
  A deep troll (Vaults:2)
  2 glowing orange brains
  5 ironbound convokers
  A wizard (Vaults:4)
  A deep elf archer (Elf:2)
  A lindwurm (Vaults:4)
  A phantasmal warrior (Vaults:4)
  A deep elf pyromancer (Elf:1)
  2 moths of wrath
  A shining eye (Depths:1)
  An ugly thing (Depths:1)
  A manticore (shapeshifter) (Vaults:5)
  A water nymph (shapeshifter) (Vaults:5)
  A smoke demon (Pan)
  A vault sentinel (Vaults:4)
  An orange demon (Pan)
  A naga mage (Snake:4)
  3 bloated husks
  A tyrant leech (shapeshifter) (Depths:2)
  26 slime creatures
  A slime creature (shapeshifter) (Vaults:1)
  A fire elemental (Snake:2)
  2 ynoxinuls (Pan)
  A golden eye (shapeshifter) (Vaults:5)
  A hog (shapeshifter) (Elf:2)
  3 floating eyes
  A naga (Snake:4)
  A floating eye (shapeshifter) (Depths:2)
  A sky beast (Vaults:5)
  4 boggarts
  An ogre (Vaults:5)
  A water moccasin skeleton (Crypt:1)
  398 jellies
  An orc wizard (Vaults:5)
  2 fire vortices
  61 foxfires
  2 fulminant prisms
  3 starspawn tentacles (Zig:7)
564 creatures vanquished.

Grand Total: 3054 creatures vanquished

Notes
Turn   | Place    | Note
-------+----------+-------------------------------------------
     0 | D:1      | Zonian the Tengu Air Elementalist began the quest for the
                  | Orb.
     0 | D:1      | Reached XP level 1. HP: 10/10 MP: 4/4
   115 | D:1      | Reached XP level 2. HP: 15/15 MP: 0/6
   673 | D:1      | Reached XP level 3. HP: 19/19 MP: 4/7
  1090 | D:2      | Noticed Sigmund
  1986 | D:2      | Reached XP level 4. HP: 24/24 MP: 5/8
  2578 | D:2      | Killed Sigmund
  2579 | D:2      | Reached skill level 5 in Air Magic
  2579 | D:2      | Gained mutation: Your magical nature lets you fly swiftly
                  | and evasively. [Tengu growth]
  2579 | D:2      | Reached XP level 5. HP: 28/28 MP: 8/10
  2579 | D:2      | Reached XP level 6. HP: 32/32 MP: 8/11
  2724 | D:2      | Found a faded altar of an unknown god.
  2742 | D:2      | Prayed at the altar of an unknown god.
  2742 | D:2      | Became a worshipper of Ignis, the Dying Flame
  3209 | D:3      | Noticed Ijyb
  3214 | D:3      | Gained mutation: Your system is resistant to poisons.
                  | (rPois) [potion of mutation]
  3214 | D:3      | Gained mutation: You occasionally lose the ability to read
                  | scrolls when taking damage. [potion of mutation]
  3214 | D:3      | Gained mutation: You are weak. (Str -2) [potion of
                  | mutation]
  3219 | D:3      | Killed Ijyb
  3613 | D:3      | Found a shimmering altar of Xom.
  4032 | D:3      | Noticed Grinder
  4045 | D:3      | Killed Grinder
  4046 | D:3      | Reached XP level 7. HP: 23/36 MP: 6/13
  4795 | D:3      | Identified a scroll of acquirement
  4795 | D:3      | Acquired the scarf of the Other World {rC+ rF+, Str+6 Int+2
                  | Dex+5}
  5170 | D:3      | Learned a level 2 spell: Static Discharge
  5174 | D:3      | Learned a level 3 spell: Swiftness
  5179 | D:3      | Learned a level 4 spell: Airstrike
  5249 | D:4      | Reached skill level 6 in Air Magic
  6056 | D:4      | Found an iron altar of Okawaru.
  6088 | D:4      | Found Allulo Xeki's General Store.
  6093 | D:4      | Bought 3 scrolls of fog for 144 gold pieces
  6446 | D:5      | Entered Level 5 of the Dungeon
  6466 | D:5      | Found a glowing golden altar of the Shining One.
  6470 | D:5      | Reached skill level 5 in Conjurations
  6735 | D:5      | Reached XP level 8. HP: 41/41 MP: 10/14
  7011 | D:5      | Found a transporter.
  7037 | D:5      | Reached skill level 5 in Dodging
  7323 | D:5      | Found a staircase to the Ecumenical Temple.
  7430 | D:5      | Noticed a +0 dagger
  7431 | D:5      | Noticed a +0 dagger
  7437 | D:5      | Found a hide-covered altar of Uskayaw.
  7510 | D:5      | Found a transporter.
  7651 | D:6      | Reached skill level 5 in Stealth
  7882 | D:6      | Noticed GonguanaGonguana's ghost (weakling MeEE)
  7904 | D:6      | Found a runed translucent gate.
  7904 | D:6      | Found a runed translucent gate.
  7904 | D:6      | Found a runed translucent gate.
  8087 | D:6      | Reached skill level 7 in Air Magic
  8631 | D:7      | Reached XP level 9. HP: 40/45 MP: 11/17
  8742 | D:7      | Found a hazy altar of Hepliaklqana.
  8789 | D:7      | Reached skill level 5 in Spellcasting
  9063 | D:7      | Reached skill level 1 in Fighting
  9063 | D:7      | Reached skill level 8 in Air Magic
  9914 | D:8      | Acquired the +9 scale mail "Inyos" {Rampage}
 10383 | D:8      | Found a basalt altar of Yredelemnul.
 10400 | D:8      | Reached skill level 1 in Armour
 10424 | D:8      | Reached skill level 9 in Air Magic
 10443 | D:8      | Reached XP level 10. HP: 22/56 MP: 2/20
 10848 | D:8      | Noticed a two-headed ogre
 11232 | D:9      | Got the Papyrus of Fulmination and Incandescence
 11263 | D:9      | Learned a level 4 spell: Fulminant Prism
 11268 | D:9      | Found a flagged portal.
 11361 | Bailey   | Entered a bailey
 11861 | Bailey   | Noticed a two-headed ogre
 11868 | Bailey   | Killed a two-headed ogre
 11869 | Bailey   | Reached skill level 10 in Air Magic
 12276 | Bailey   | Acquired the -2 hat of the Alchemist {rElec rPois rF+ rC+
                  | rN+ Will+ rMut rCorr}
 12276 | Bailey   | Found the -2 hat of the Alchemist {rElec rPois rF+ rC+ rN+
                  | Will+ rMut rCorr}
 12293 | Bailey   | Lost mutation: Your system is resistant to poisons. (rPois)
                  | [potion of mutation]
 12293 | Bailey   | Lost mutation: You occasionally lose the ability to read
                  | scrolls when taking damage. [potion of mutation]
 12293 | Bailey   | Gained mutation: You are strong-willed. (Will+) [potion of
                  | mutation]
 12293 | Bailey   | Gained mutation: You are partially covered in large bone
                  | plates. (SH +4) [potion of mutation]
 12293 | Bailey   | Gained mutation: You have a somewhat thin skeletal
                  | structure. (Dex +2, Stealth+) [potion of mutation]
 12293 | Bailey   | Gained mutation: You are robust. (+10% HP) [potion of
                  | mutation]
 12398 | D:9      | Reached skill level 5 in Fighting
 12956 | D:9      | Found a staircase to the Orcish Mines.
 12984 | D:9      | Reached XP level 11. HP: 69/69 MP: 9/22
 13294 | D:9      | Reached skill level 5 in Armour
 13552 | D:9      | Reached skill level 10 in Conjurations
 14003 | D:9      | Found a staircase to the Lair.
 14377 | Lair:1   | Entered Level 1 of the Lair of Beasts
 14513 | Lair:1   | Reached skill level 11 in Air Magic
 16207 | Lair:2   | Noticed a four-headed hydra
 16668 | Lair:2   | Found a staircase to the Snake Pit.
 16756 | Lair:2   | Noticed a five-headed hydra
 16757 | Lair:2   | Reached XP level 12. HP: 28/78 MP: 23/25
 16823 | Lair:2   | Reached skill level 12 in Air Magic
 17954 | Lair:2   | Reached skill level 1 in Short Blades
 18136 | Lair:2   | Killed a four-headed hydra
 18195 | Lair:2   | Found a staircase to the Swamp.
 19066 | Lair:2   | Identified the +3 chain mail of Zuxt {rN+ Str+6}
 19457 | Lair:2   | Killed a five-headed hydra
 21353 | Lair:2   | Acquired the ring of Nuw Fargh {rN+ Int+6 Dex+3 SInv}
 21529 | Lair:3   | Reached skill level 13 in Air Magic
 22061 | Lair:3   | Reached XP level 13. HP: 77/85 MP: 27/27
 24074 | Lair:4   | Found a runed translucent gate.
 24074 | Lair:4   | Found a runed translucent gate.
 24074 | Lair:4   | Found a runed translucent gate.
 24074 | Lair:4   | Noticed an azure jelly
 24074 | Lair:4   | Noticed an acid blob
 24074 | Lair:4   | Noticed an acid blob
 24074 | Lair:4   | Noticed an acid blob
 24075 | Lair:4   | Found a viscous altar of Jiyva.
 24075 | Lair:4   | Noticed an acid blob
 24075 | Lair:4   | Noticed Zonian's ghost (journeyman TeHu)
 24075 | Lair:4   | Noticed an acid blob
 24075 | Lair:4   | Noticed an acid blob
 24075 | Lair:4   | Noticed an azure jelly
 24485 | Lair:4   | Reached skill level 14 in Air Magic
 25011 | Lair:5   | Entered Level 5 of the Lair of Beasts
 25150 | Lair:5   | Found a viscous altar of Jiyva.
 25150 | Lair:5   | Found a staircase to the Slime Pits.
 25179 | Lair:5   | Reached skill level 10 in Spellcasting
 25263 | Lair:5   | Reached XP level 14. HP: 34/94 MP: 8/29
 25511 | Lair:5   | Reached skill level 10 in Armour
 25521 | Lair:5   | Learned a level 4 spell: Sticky Flame
 26054 | Lair:5   | Reached skill level 1 in Fire Magic
 26059 | Lair:5   | Found a transporter.
 26102 | Lair:5   | Noticed Suloph's ghost (journeyman MiFi)
 27241 | Lair:5   | Reached skill level 10 in Fighting
 27669 | Lair:5   | Reached skill level 15 in Air Magic
 27990 | Lair:5   | Found a transporter.
 28519 | Lair:5   | Acquired the Almanac of Bombardment
 28527 | Lair:5   | Learned a level 5 spell: Arcjolt
 29616 | Lair:5   | Reached skill level 15 in Conjurations
 30292 | D:10     | Entered Level 10 of the Dungeon
 30394 | D:10     | Noticed Snorg
 30405 | D:10     | Killed Snorg
 30406 | D:10     | Reached XP level 15. HP: 55/102 MP: 5/31
 30649 | D:10     | Found a sparkling altar of Nemelex Xobeh.
 30657 | D:10     | Found a shimmering blue altar of Sif Muna.
 30743 | D:10     | Noticed Lodul
 30746 | D:10     | Reached skill level 1 in Evocations
 30754 | D:10     | Killed Lodul
 31121 | D:10     | Got the Volume of Scintillating Graupel
 31126 | D:10     | Learned a level 3 spell: Mephitic Cloud
 32181 | D:10     | Reached skill level 5 in Short Blades
 32526 | D:10     | Got the Anthology of Metamorphic Wounds
 32896 | D:11     | Reached skill level 1 in Poison Magic
 32915 | D:11     | Reached skill level 16 in Air Magic
 33297 | D:10     | Found a burning altar of Makhleb.
 33297 | D:10     | Found a broken altar of Ashenzari.
 35386 | D:12     | Noticed Nessos
 35394 | D:12     | Killed Nessos
 35617 | D:12     | Learned a level 5 spell: Iskenderun's Battlesphere
 35824 | D:12     | Noticed Maurice
 35855 | D:12     | Killed Maurice
 36171 | D:12     | Reached XP level 16. HP: 110/110 MP: 21/32
 36383 | D:12     | Noticed Erolcha
 36390 | D:12     | Killed Erolcha
 36823 | D:13     | Found the +3 pair of mountain boots {steadfast, rC+}
 36942 | D:13     | Identified the +4 cloak "Macvuig" {Will+ Regen+}
 37205 | D:13     | You are sucked into a shaft and drop 2 floors!
 37205 | D:15     | Entered Level 15 of the Dungeon
 38017 | D:15     | Found a staircase to the Depths.
 39534 | D:14     | Noticed Azrael
 39552 | D:14     | Killed Azrael
 39627 | D:14     | Reached skill level 17 in Air Magic
 40036 | D:14     | Acquired a +5 quick blade of draining
 40042 | D:14     | Acquired the Spellbook of Contaminated Configuration
 40141 | D:14     | Found a gate to the Vaults.
 41084 | D:14     | Found a transporter.
 41115 | D:14     | Noticed Agnes
 41122 | D:14     | Killed Agnes
 41401 | D:14     | Found an iron altar of Okawaru.
 41978 | D:15     | Upgraded the game from 0.31-a0-112-gdf0485fa37 to
                  | 0.31-a0-115-g4708a659fe
 42210 | Orc:1    | Entered Level 1 of the Orcish Mines
 42359 | Orc:1    | You are sucked into a shaft and drop 1 floor!
 42359 | Orc:2    | Entered Level 2 of the Orcish Mines
 42359 | Orc:2    | Found Jyiweats's Armour Shoppe.
 42367 | Orc:2    | Found a staircase to the Elven Halls.
 43117 | Orc:2    | Reached skill level 1 in Hexes
 43122 | Orc:2    | Reached XP level 17. HP: 79/117 MP: 16/34
 43128 | Orc:2    | Found Ceff's Antique Weapon Shoppe.
 43130 | Orc:2    | Found Ympy's Armour Shoppe.
 43402 | Orc:2    | Found Qunuakai's Armour Boutique.
 43580 | Orc:2    | Found Ituesu Xemp's Antique Weapon Shoppe.
 43852 | Orc:1    | Found a runed translucent door.
 45184 | Lair:5   | Fell from the grace of Ignis
 45184 | Lair:5   | Became a worshipper of Jiyva Jakol the Shapeless
 45404 | Lair:4   | Killed Zonian's ghost
 45445 | Snake:1  | Entered Level 1 of the Snake Pit
 46165 | Snake:1  | Identified the +2 buckler of Theory {Str+5 Int-5 SInv
                  | Stlth-}
 47372 | Snake:1  | You are sucked into a shaft and drop 1 floor!
 47711 | Snake:2  | You are sucked into a shaft and drop 1 floor!
 47711 | Snake:3  | Reached * piety under Jiyva
 47755 | Snake:3  | Found Caumene's Vocational Training.
 47762 | Snake:3  | Bought a manual of Evocations for 880 gold pieces
 48089 | Snake:2  | Reached skill level 18 in Air Magic
 48390 | Snake:1  | Identified the +3 pair of gloves of Lareypin {Will+ Regen+
                  | Dex+3}
 48745 | Snake:1  | You are sucked into a shaft and drop 1 floor!
 48866 | Snake:2  | Reached skill level 5 in Evocations
 49254 | Snake:2  | Was forgiven by Ignis
 49814 | Snake:2  | Reached ** piety under Jiyva
 50312 | Snake:2  | Found a stormy altar of Qazlal.
 51022 | Snake:3  | Reached skill level 10 in Short Blades
 51211 | Snake:3  | Reached XP level 18. HP: 80/126 MP: 8/36
 51939 | Snake:1  | Reached *** piety under Jiyva
 52122 | Snake:1  | Acquired the Precepts of the Fulgurous Fairies
 52973 | Snake:3  | Lost mutation: You are weak. (Str -2) [Jiyva's grace]
 52973 | Snake:3  | Gained mutation: Your body has grown eyes which may confuse
                  | attackers. (Acc +3) [Jiyva's grace]
 52973 | Snake:3  | Gained mutation: Your body has grown many eyes which may
                  | confuse attackers. (Acc +5) [Jiyva's grace]
 52973 | Snake:3  | Gained mutation: Your body is covered in eyes which may
                  | confuse attackers. (Acc +7, SInv) [Jiyva's grace]
 52973 | Snake:3  | Gained mutation: Your translucent skin slightly reduces
                  | your foes' accuracy. (Stealth+) [Jiyva's grace]
 53167 | Snake:4  | Entered Level 4 of the Snake Pit
 54053 | Snake:4  | Reached skill level 1 in Shields
 54116 | Snake:4  | Reached skill level 19 in Air Magic
 54661 | Snake:4  | Reached **** piety under Jiyva
 54728 | Snake:4  | Found Onkab's Antique Armour Emporium.
 54728 | Snake:4  | Found Hirusita's Antique Armour Shoppe.
 54737 | Snake:4  | Bought a bronze scale mail for 369 gold pieces
 54737 | Snake:4  | Identified the +0 scale mail "Abrull" {Drain Str+5 Dex+4}
                  | (You bought it in a shop on level 4 of the Snake Pit)
 54837 | Snake:4  | Got a serpentine rune of Zot
 55086 | Slime:1  | Entered Level 1 of the Pits of Slime
 55244 | Slime:5  | Entered Level 5 of the Pits of Slime
 55266 | Slime:5  | Found a viscous altar of Jiyva.
 55266 | Slime:5  | Noticed the Royal Jelly
 55268 | Slime:5  | Found the ring of the Hare {EV+10}
 55418 | Swamp:1  | Entered Level 1 of the Swamp
 55477 | Swamp:1  | You are sucked into a shaft and drop 1 floor!
 55542 | Swamp:2  | Reached XP level 19. HP: 133/133 MP: 38/38
 56169 | Swamp:1  | Lost mutation: Your body is covered in eyes which may
                  | confuse attackers. (Acc +7, SInv) [Jiyva's grace]
 56169 | Swamp:1  | Gained mutation: Your flesh is cold resistant. (rC+)
                  | [Jiyva's grace]
 56169 | Swamp:1  | Gained mutation: Your flesh is very cold resistant. (rC++)
                  | [Jiyva's grace]
 56169 | Swamp:1  | Gained mutation: Your flesh is almost immune to the effects
                  | of cold. (rC+++) [Jiyva's grace]
 56169 | Swamp:1  | Gained mutation: You are partially covered in iridescent
                  | scales. (AC +2) [Jiyva's grace]
 56224 | Swamp:1  | Reached ***** piety under Jiyva
 57142 | Swamp:4  | Entered Level 4 of the Swamp
 57192 | Swamp:4  | Reached skill level 10 in Evocations
 57206 | Swamp:4  | Reached skill level 5 in Fire Magic
 57654 | Swamp:4  | Was placed under penance by Jiyva
 58097 | Swamp:4  | Was forgiven by Jiyva
 58114 | Swamp:4  | Got a decaying rune of Zot
 58671 | Elf:1    | Entered Level 1 of the Elven Halls
 58671 | Elf:1    | Found a runed translucent gate.
 58671 | Elf:1    | Found a runed translucent gate.
 58671 | Elf:1    | Found a runed translucent gate.
 58671 | Elf:1    | Found a runed translucent gate.
 58671 | Elf:1    | Found a runed translucent gate.
 58671 | Elf:1    | Found a runed translucent gate.
 58672 | Elf:1    | Found a runed translucent door.
 58680 | Elf:1    | Found a runed translucent door.
 58684 | Elf:1    | Reached skill level 15 in Fighting
 58771 | Elf:1    | Found a glowing golden altar of the Shining One.
 58771 | Elf:1    | Found a white marble altar of Elyvilon.
 58782 | Elf:1    | Found a glowing silver altar of Zin.
 58784 | Elf:1    | Found a crumbling gateway.
 59100 | Elf:1    | Lost mutation: You are partially covered in large bone
                  | plates. (SH +4) [Jiyva's grace]
 59100 | Elf:1    | Lost mutation: Your flesh is almost immune to the effects
                  | of cold. (rC+++) [Jiyva's grace]
 59100 | Elf:1    | Lost mutation: You are strong-willed. (Will+) [Jiyva's
                  | grace]
 59100 | Elf:1    | Lost mutation: Your translucent skin slightly reduces your
                  | foes' accuracy. (Stealth+) [Jiyva's grace]
 59100 | Elf:1    | Gained mutation: You have a small jelly attached to you
                  | that senses nearby items. [Jiyva's grace]
 59100 | Elf:1    | Gained mutation: You are covered in fur. (AC +1) [Jiyva's
                  | grace]
 59100 | Elf:1    | Gained mutation: You are covered in thick fur. (AC +2)
                  | [Jiyva's grace]
 59100 | Elf:1    | Gained mutation: Your thick and shaggy fur keeps you warm.
                  | (AC +3, rC+) [Jiyva's grace]
 59437 | Elf:1    | Got Ming's Enchiridion on the Commander
 59984 | Elf:2    | Paralysed by an air elemental for 1 turns
 60186 | Elf:2    | Reached ****** piety under Jiyva
 60247 | Elf:2    | Reached XP level 20. HP: 141/141 MP: 39/39
 60329 | Elf:2    | Reached skill level 15 in Spellcasting
 60341 | Elf:2    | Learned a level 6 spell: Starburst
 60399 | Elf:2    | Found a huge runed translucent gate.
 60399 | Elf:2    | Found a huge runed translucent gate.
 60400 | Elf:2    | Found a huge runed translucent gate.
 60401 | Elf:2    | Found a huge runed translucent gate.
 60408 | Elf:2    | Found a huge runed translucent gate.
 60579 | Elf:3    | Entered Level 3 of the Elven Halls
 60853 | Elf:3    | Found Zelab's Weapon Shop.
 60937 | Elf:3    | Lost mutation: You are partially covered in iridescent
                  | scales. (AC +2) [Jiyva's grace]
 60937 | Elf:3    | Lost mutation: Your flesh is very cold resistant. (rC++)
                  | [Jiyva's grace]
 60937 | Elf:3    | Gained mutation: Your body is covered in eyes which may
                  | confuse attackers. (Acc +7, SInv) [Jiyva's grace]
 60937 | Elf:3    | Gained mutation: Armour fits poorly on your pseudopods.
                  | [Jiyva's grace]
 60937 | Elf:3    | Gained mutation: Armour fits poorly on your large
                  | pseudopods. [Jiyva's grace]
 60937 | Elf:3    | Gained mutation: Armour fits poorly on your massive
                  | pseudopods. [Jiyva's grace]
 61133 | Elf:3    | Got the Anthology of Striking
 61184 | Elf:3    | Found Tokk's Weapon Emporium.
 61376 | Elf:3    | Noticed a Tzitzimitl
 61394 | Elf:3    | Identified the +8 halberd of Maghess {pain, Fly rF+ rN+
                  | Int-3}
 61394 | Elf:3    | Identified the +4 scale mail of Daffodils {Dex+4}
 61453 | Elf:3    | Identified the ring "Arianell" {rElec AC+4 Int+2 Dex-2
                  | Stlth+}
 61458 | Elf:3    | Noticed a Brimstone Fiend
 61518 | Elf:3    | Identified the +8 rapier of Tudos {pain, rElec rC+++ rCorr
                  | Str-4}
 61553 | Elf:3    | Identified the +5 trident "Doppeg" {freeze, rElec}
 61695 | Elf:3    | Got the Precepts of Wounds
 61698 | Elf:3    | Got the Notes on Movement and Impulse
 61708 | Elf:3    | Identified the +6 quick blade of Change {heavy, *Corrode
                  | rN+ Dex+5}
 61715 | Elf:3    | Identified the +0 scale mail "Miukulit" {+Inv rN+ Stlth+}
 61717 | Elf:3    | Identified the staff of air "Ramar" {rElec rF++ Int+6}
 62130 | Elf:3    | Found Ylesk's Jewellery Shoppe.
 62521 | Vaults:1 | Entered Level 1 of the Vaults
 62886 | Vaults:1 | Got Enloll's Atlas of Productive Enchantment
 63261 | Vaults:1 | Reached XP level 21. HP: 82/156 MP: 19/41
 63442 | Vaults:1 | Reached skill level 10 in Fire Magic
 64045 | Vaults:2 | Lost mutation: You are robust. (+10% HP) [Jiyva's grace]
 64045 | Vaults:2 | Lost mutation: Your thick and shaggy fur keeps you warm.
                  | (AC +3, rC+) [Jiyva's grace]
 64045 | Vaults:2 | Lost mutation: Your body is covered in eyes which may
                  | confuse attackers. (Acc +7, SInv) [Jiyva's grace]
 64045 | Vaults:2 | Lost mutation: Your body has grown many eyes which may
                  | confuse attackers. (Acc +5) [Jiyva's grace]
 64045 | Vaults:2 | Lost mutation: Armour fits poorly on your massive
                  | pseudopods. [Jiyva's grace]
 64045 | Vaults:2 | Gained mutation: You have a small jelly attached to you
                  | that may absorb projectiles. [Jiyva's grace]
 64045 | Vaults:2 | Gained mutation: Your translucent skin slightly reduces
                  | your foes' accuracy. (Stealth+) [Jiyva's grace]
 64045 | Vaults:2 | Gained mutation: Your translucent skin reduces your foes'
                  | accuracy. (Stealth+) [Jiyva's grace]
 64045 | Vaults:2 | Gained mutation: Your transparent skin significantly
                  | reduces your foes' accuracy. (Stealth+) [Jiyva's grace]
 64362 | Vaults:2 | Found Vyrett's Armour Boutique.
 64837 | Vaults:2 | Found a staircase to the Crypt.
 64870 | Vaults:2 | Noticed Zenata
 65107 | Vaults:2 | Noticed Jory
 65120 | Vaults:2 | Killed Jory
 65303 | Vaults:2 | Slimified Zenata
 65303 | Vaults:2 | Zenata changed into Zenata the slime creature
 65303 | Vaults:2 | Noticed Zenata
 65587 | Vaults:3 | Found a flickering gateway to a bazaar.
 65595 | Bazaar   | Entered a bazaar
 65595 | Bazaar   | Found Jiaroj's General Store.
 65595 | Bazaar   | Found Meuma's Antique Weapon Shop.
 65604 | Bazaar   | Bought a warped dagger for 112 gold pieces
 65604 | Bazaar   | Identified the +8 dagger of Nirchekki {drain, Str+2 SInv}
                  | (You bought it in a shop in a bazaar)
 65620 | Bazaar   | Bought a wand of mindburst (3) for 54 gold pieces
 65620 | Bazaar   | Bought a scroll of enchant armour for 97 gold pieces
 65628 | Bazaar   | Found Teahan's Antique Armour Shop.
 65637 | Bazaar   | Bought a runed buckler for 157 gold pieces
 66642 | Vaults:3 | Lost mutation: Your transparent skin significantly reduces
                  | your foes' accuracy. (Stealth+) [Jiyva's grace]
 66642 | Vaults:3 | Lost mutation: You have a small jelly attached to you that
                  | may absorb projectiles. [Jiyva's grace]
 66642 | Vaults:3 | Gained mutation: Your system is resistant to poisons.
                  | (rPois) [Jiyva's grace]
 66642 | Vaults:3 | Gained mutation: Your rubbery body absorbs attacks. (AC +1,
                  | EV +1) [Jiyva's grace]
 66642 | Vaults:3 | Gained mutation: Your pliable body absorbs attacks. (AC +2,
                  | EV +2) [Jiyva's grace]
 66642 | Vaults:3 | Gained mutation: Your gelatinous body deflects attacks. (AC
                  | +3, EV +3) [Jiyva's grace]
 66673 | Vaults:3 | Reached XP level 22. HP: 151/152 MP: 42/42
 67422 | Vaults:4 | Noticed Mara
 67439 | Vaults:4 | Noticed Zonian's illusion
 67451 | Vaults:4 | Killed Mara
 67807 | Vaults:4 | Identified the +8 arbalest "Dutar" {freeze, rN++ Int+4
                  | Stlth+}
 67882 | Vaults:4 | Learned a level 2 spell: Blink
 67906 | Vaults:5 | Entered Level 5 of the Vaults
 67913 | Vaults:4 | Reached skill level 1 in Necromancy
 68468 | D:6      | Killed GonguanaGonguana's ghost
 68698 | D:14     | Found a transporter.
 68698 | D:14     | Found a runed translucent door.
 68698 | D:14     | Found a bloodstained altar of Trog.
 68698 | D:14     | Found the +8 Wrath of Trog {antimagic, *Rage Rampage}
 68757 | D:14     | Identified the +8 chain mail of an ice cave {*Slow SInv
                  | Stlth+}
 69256 | Lair:5   | Killed Suloph's ghost
 70135 | Vaults:5 | Noticed a golden dragon
 70135 | Vaults:5 | Noticed a dread lich
 70151 | Vaults:4 | Learned a level 4 spell: Dispel Undead
 70350 | Vaults:4 | Killed a dread lich
 70489 | Vaults:4 | Reached skill level 5 in Necromancy
 70914 | Vaults:5 | Identified the ring of Relativism {rC+ AC+4}
 70922 | Vaults:5 | Reached skill level 10 in Dodging
 71040 | Vaults:5 | Killed a golden dragon
 71054 | Vaults:5 | Reached XP level 23. HP: 160/160 MP: 31/43
 71065 | Vaults:5 | Noticed a dread lich
 71083 | Vaults:5 | Killed a dread lich
 71092 | Vaults:5 | Identified the +12 sling "Riepius" {flame, Contam rElec
                  | SInv Stlth-}
 71177 | Vaults:5 | Identified the ring of Butucrimi {rPois rF+}
 71282 | Vaults:5 | Got a silver rune of Zot
 71614 | Vaults:5 | Identified the +11 hand axe of Uggoxeoh {speed, rC- Str+4}
 71953 | Vaults:5 | Lost mutation: You have a somewhat thin skeletal structure.
                  | (Dex +2, Stealth+) [Jiyva's grace]
 71953 | Vaults:5 | Lost mutation: Armour fits poorly on your large pseudopods.
                  | [Jiyva's grace]
 71953 | Vaults:5 | Gained mutation: You passively map a small area around you.
                  | [Jiyva's grace]
 71953 | Vaults:5 | Gained mutation: You passively map the area around you.
                  | [Jiyva's grace]
 71953 | Vaults:5 | Gained mutation: You passively map a large area around you.
                  | [Jiyva's grace]
 71953 | Vaults:5 | Gained mutation: You are somewhat resistant to further
                  | mutation. [Jiyva's grace]
 72179 | Vaults:5 | Identified the +7 longbow "Jegremm" {flame, rPois}
 72251 | Vaults:5 | Learned a level 4 spell: Summon Lightning Spire
 72423 | Depths:1 | Entered Level 1 of the Depths
 72482 | Depths:1 | Reached skill level 1 in Summonings
 73007 | Depths:1 | Found a gateway to Hell.
 73228 | Depths:1 | Found an ancient bone altar of Kikubaaqudgha.
 73924 | Depths:2 | Reached skill level 5 in Summonings
 74002 | Depths:2 | Found a one-way gateway to a ziggurat.
 74124 | Depths:2 | Noticed Bai Suzhen
 74146 | Depths:2 | Reached XP level 24. HP: 166/166 MP: 43/43
 74152 | Depths:2 | Killed Bai Suzhen
 74350 | Depths:2 | Reached skill level 15 in Dodging
 74413 | Depths:2 | Reached skill level 10 in Stealth
 74478 | Depths:2 | Identified the +0 leather armour of Kiaw Zai {Will- Str+5
                  | Int+2}
 74483 | Depths:2 | Found a corrupted altar of Lugonu.
 74483 | Depths:2 | Found a one-way gate to the infinite horrors of the Abyss.
 74513 | Depths:2 | Identified the ring of Daoripn {Ice Will+ Int+2 Slay+3}
 74513 | Depths:2 | Noticed Josephina
 74520 | Depths:2 | Killed Josephina
 74800 | Depths:2 | Found a one-way gate leading to the halls of Pandemonium.
 74884 | Depths:2 | You are sucked into a shaft and drop 2 floors!
 74884 | Depths:4 | Entered Level 4 of the Depths
 74939 | Depths:3 | Noticed Xtahua
 75105 | Depths:2 | Was placed under penance by Jiyva
 75437 | Depths:3 | Learned a level 8 spell: Maxwell's Capacitive Coupling
 75454 | Depths:3 | Killed Xtahua
 75801 | Depths:3 | Was forgiven by Jiyva
 75972 | Depths:3 | Noticed Louise
 75990 | Depths:3 | Killed Louise
 76220 | Depths:3 | Noticed a shard shrike
 76221 | Depths:3 | Noticed a shard shrike
 76222 | Depths:3 | Noticed a shard shrike
 76225 | Depths:3 | Killed a shard shrike
 76229 | Depths:3 | Killed a shard shrike
 76230 | Depths:3 | Noticed a shard shrike
 76233 | Depths:3 | Killed a shard shrike
 76534 | Depths:3 | Killed a shard shrike
 77438 | Depths:3 | Lost mutation: You passively map a large area around you.
                  | [Jiyva's grace]
 77438 | Depths:3 | Lost mutation: Your gelatinous body deflects attacks. (AC
                  | +3, EV +3) [Jiyva's grace]
 77438 | Depths:3 | Lost mutation: Your translucent skin reduces your foes'
                  | accuracy. (Stealth+) [Jiyva's grace]
 77438 | Depths:3 | Lost mutation: You have a small jelly attached to you that
                  | senses nearby items. [Jiyva's grace]
 77438 | Depths:3 | Gained mutation: You are strong-willed. (Will+) [Jiyva's
                  | grace]
 77438 | Depths:3 | Gained mutation: You are highly strong-willed. (Will++)
                  | [Jiyva's grace]
 77438 | Depths:3 | Gained mutation: You are extremely strong-willed. (Will+++)
                  | [Jiyva's grace]
 77438 | Depths:3 | Gained mutation: You have a somewhat thin skeletal
                  | structure. (Dex +2, Stealth+) [Jiyva's grace]
 77684 | Depths:3 | Identified the +2 falchion "Hokiatz" {vamp, Fly rPois rN+
                  | Int-4}
 78730 | Depths:4 | Found a sacrificial altar of Ru.
 79160 | Depths:4 | Found a gate to the Realm of Zot.
 79227 | Depths:4 | Found a shimmering altar of Xom.
 79229 | Depths:4 | Found a shimmering altar of Xom.
 79230 | Depths:4 | Found a shimmering altar of Xom.
 79232 | Depths:4 | Found a shimmering altar of Xom.
 79233 | Depths:4 | Found a shimmering altar of Xom.
 79233 | Depths:4 | Found a shimmering altar of Xom.
 79233 | Depths:4 | Found a shimmering altar of Xom.
 79532 | Crypt:1  | Entered Level 1 of the Crypt
 79674 | Crypt:1  | Noticed Vv
 79676 | Crypt:1  | Upgraded the game from 0.31-a0-115-g4708a659fe to
                  | 0.31-a0-142-g31f6795574
 80031 | Crypt:1  | Reached skill level 20 in Air Magic
 80242 | Crypt:1  | Reached XP level 25. HP: 168/171 MP: 43/44
 80545 | Crypt:1  | Killed Vv
 80800 | Crypt:1  | Found a basalt altar of Yredelemnul.
 80967 | Crypt:2  | Lost mutation: You are extremely strong-willed. (Will+++)
                  | [Jiyva's grace]
 80967 | Crypt:2  | Lost mutation: You are somewhat resistant to further
                  | mutation. [Jiyva's grace]
 80967 | Crypt:2  | Gained mutation: Your muscles are strong. (Str +4, Int/Dex
                  | -1) [Jiyva's grace]
 80967 | Crypt:2  | Gained mutation: Your muscles are very strong. (Str +8,
                  | Int/Dex -2) [Jiyva's grace]
 80967 | Crypt:2  | Gained mutation: You have a small jelly attached to you
                  | that may absorb projectiles. [Jiyva's grace]
 80967 | Crypt:2  | Gained mutation: You are agile. (Dex +4, Str/Int -1)
                  | [Jiyva's grace]
 81954 | Crypt:3  | Entered Level 3 of the Crypt
 82500 | Crypt:3  | Identified the staff of death "Ludiomni" {rElec rN+ Dex-5
                  | SInv}
 82753 | Crypt:3  | Found a staircase to the Tomb.
 83230 | Crypt:3  | Lost mutation: You have a somewhat thin skeletal structure.
                  | (Dex +2, Stealth+) [Jiyva's grace]
 83230 | Crypt:3  | Lost mutation: You are covered in thick fur. (AC +2)
                  | [Jiyva's grace]
 83230 | Crypt:3  | Lost mutation: Your pliable body absorbs attacks. (AC +2,
                  | EV +2) [Jiyva's grace]
 83230 | Crypt:3  | Lost mutation: Your translucent skin slightly reduces your
                  | foes' accuracy. (Stealth+) [Jiyva's grace]
 83230 | Crypt:3  | Gained mutation: Armour fits poorly on your large
                  | pseudopods. [Jiyva's grace]
 83230 | Crypt:3  | Gained mutation: Armour fits poorly on your massive
                  | pseudopods. [Jiyva's grace]
 83230 | Crypt:3  | Gained mutation: You have hidden genetic potential.
                  | [Jiyva's grace]
 83230 | Crypt:3  | Gained mutation: You have great hidden genetic potential.
                  | [Jiyva's grace]
 83450 | Crypt:3  | Found an ancient bone altar of Kikubaaqudgha.
 83465 | Crypt:3  | Noticed a dread lich
 83475 | Crypt:3  | Killed a dread lich
 83494 | Crypt:3  | Identified the ring "Usoru" {rElec rN+}
 83494 | Crypt:3  | Identified the ring "Qydwoone" {rN+ Int+4 Slay+3}
 83494 | Crypt:3  | Identified the ring "Baedofah" {rC+++ rN+ MP-9 Int-5 Dex+8}
 83736 | Crypt:3  | Upgraded the game from 0.31-a0-142-g31f6795574 to
                  | 0.31-a0-145-g046c7d2549
 84054 | Zot:1    | Entered Level 1 of the Realm of Zot
 84878 | Zot:1    | Identified the +3 scale mail of Qeluf {rC+ Regen+ Str-4}
 84959 | Zot:1    | Noticed an orb of fire
 85230 | Zot:1    | Found a runed translucent door.
 85235 | Zot:1    | Noticed Juhipt's ghost (veteran MiBe)
 85596 | Zot:1    | Reached skill level 21 in Air Magic
 86085 | Zot:1    | Gained mutation: Armour fits poorly on your strangely
                  | shaped body. [an orb of fire]
 86087 | Zot:1    | Killed an orb of fire
 86337 | Zot:1    | You are sucked into a shaft and drop 1 floor!
 86451 | Zot:2    | Found a runed translucent door.
 87243 | Zot:2    | Reached XP level 26. HP: 177/177 MP: 36/45
 87559 | Zot:2    | Noticed Wefy's ghost (legendary GnIE)
 88354 | Slime:5  | Identified the +2 robe of Shadows and Fog {Dex+3}
 88367 | Slime:5  | Identified the +1 pair of gloves of the Playwright {rElec
                  | rF+ rC++ Str-3}
 88370 | Slime:5  | Got a slimy rune of Zot
 88371 | Slime:5  | Identified the +4 morningstar "Koawk" {venom, rPois rC- rN+
                  | rCorr}
 88387 | Slime:5  | Identified the +4 spear of Objectivity {flame, rC++ Int-5
                  | Dex+2}
 88396 | Slime:5  | Identified the +6 chain mail of Intuition {rC+ Will- Int+3
                  | Dex+4}
 89754 | Zot:3    | Lost mutation: Armour fits poorly on your strangely shaped
                  | body. [Jiyva's grace]
 89754 | Zot:3    | Lost mutation: You are covered in fur. (AC +1) [Jiyva's
                  | grace]
 89754 | Zot:3    | Lost mutation: Your muscles are very strong. (Str +8,
                  | Int/Dex -2) [Jiyva's grace]
 89754 | Zot:3    | Lost mutation: Armour fits poorly on your massive
                  | pseudopods. [Jiyva's grace]
 89754 | Zot:3    | Lost mutation: You have great hidden genetic potential.
                  | [Jiyva's grace]
 89754 | Zot:3    | Gained mutation: You are partially covered in large bone
                  | plates. (SH +4) [Jiyva's grace]
 89754 | Zot:3    | Gained mutation: You are mostly covered in large bone
                  | plates. (SH +6) [Jiyva's grace]
 89754 | Zot:3    | Gained mutation: You are completely covered in large bone
                  | plates. (SH +8) [Jiyva's grace]
 89754 | Zot:3    | Gained mutation: You have acidic saliva. [Jiyva's grace]
 89910 | Zot:4    | Reached skill level 22 in Air Magic
 90253 | Zot:4    | Identified the +6 orcbow of Yxohuij {drain, rC++ Will+}
 90673 | Zot:4    | Found a runed translucent door.
 90673 | Zot:4    | Noticed Vaid's ghost (master GnFi)
 90827 | Zot:4    | Killed Vaid's ghost
 91585 | Zot:5    | Entered Level 5 of the Realm of Zot
 91697 | Zot:5    | Reached skill level 23 in Air Magic
 92128 | Zig:1    | Entered Level 1 of a ziggurat
 92148 | Zig:2    | Entered Level 2 of a ziggurat
 92293 | Zig:3    | Entered Level 3 of a ziggurat
 92320 | Zig:3    | Identified the amulet "Ijyif" {Reflect rC+ Dex-4 SH+5
                  | Stlth+}
 92352 | Zig:4    | Entered Level 4 of a ziggurat
 92371 | Zig:4    | Identified the +9 plate armour of Asceticism {rPois rF+
                  | Int-5}
 92578 | Zig:5    | Entered Level 5 of a ziggurat
 92616 | Zig:5    | Identified the +6 short sword of Defiance {pain, *Rage rC-
                  | rCorr Str+6}
 92640 | Zig:6    | Entered Level 6 of a ziggurat
 92651 | Zig:6    | Identified the +4 rapier of the Onslaught {pain, rC- Will+
                  | Int+3}
 92764 | Zig:7    | Entered Level 7 of a ziggurat
 92783 | Zig:7    | Reached skill level 24 in Air Magic
 92798 | Zig:7    | Identified the +6 hand axe of Pyr Roge {heavy, Int+5
                  | Stlth+}
 92961 | Zig:8    | Entered Level 8 of a ziggurat
 92983 | Zig:8    | Noticed an ancient lich
 92998 | Zig:8    | Killed an ancient lich
 93068 | Hell     | Entered the Vestibule of Hell
 93068 | Hell     | Noticed Geryon
 93440 | Hell     | Noticed Murray
 93510 | Depths:2 | Killed Murray
 93687 | Hell     | Killed Geryon
 94627 | Hell     | Reached skill level 15 in Short Blades
 94979 | Hell     | Reached XP level 27. HP: 173/182 MP: 30/46
 95297 | Hell     | Lost mutation: You are completely covered in large bone
                  | plates. (SH +8) [Jiyva's grace]
 95297 | Hell     | Lost mutation: You are mostly covered in large bone plates.
                  | (SH +6) [Jiyva's grace]
 95297 | Hell     | Lost mutation: You are highly strong-willed. (Will++)
                  | [Jiyva's grace]
 95297 | Hell     | Gained mutation: Your movements are slightly less
                  | encumbered by armour. (ER -2) [Jiyva's grace]
 95297 | Hell     | Gained mutation: Your movements are less encumbered by
                  | armour. (ER -4) [Jiyva's grace]
 95297 | Hell     | Gained mutation: Your movements are significantly less
                  | encumbered by armour. (ER -6) [Jiyva's grace]
 95297 | Hell     | Gained mutation: You are partially covered in iridescent
                  | scales. (AC +2) [Jiyva's grace]
 95360 | Hell     | Found a gateway to the Iron City of Dis.
 95422 | Hell     | Found a gateway to the freezing wastes of Cocytus.
 95536 | Hell     | Found a gateway to the decaying netherworld of Tartarus.
 95778 | Hell     | Found a gateway to the ashen valley of Gehenna.
 96641 | Pan      | Entered Pandemonium
 96641 | Pan      | Noticed Daesteit the pandemonium lord
 96646 | Pan      | Killed Daesteit the pandemonium lord
 97121 | Pan      | Identified the +7 orcbow "Xekarol" {flame, rC+ Will+}
 97595 | Pan      | Reached skill level 5 in Shields
 97724 | Pan      | Lost mutation: You are strong-willed. (Will+) [Jiyva's
                  | grace]
 97724 | Pan      | Lost mutation: Your body has grown eyes which may confuse
                  | attackers. (Acc +3) [Jiyva's grace]
 97724 | Pan      | Lost mutation: Your movements are significantly less
                  | encumbered by armour. (ER -6) [Jiyva's grace]
 97724 | Pan      | Gained mutation: You possess an exceptional clarity of
                  | mind. [Jiyva's grace]
 97724 | Pan      | Gained mutation: Armour fits poorly on your massive
                  | pseudopods. [Jiyva's grace]
 97724 | Pan      | Gained mutation: You are mostly covered in iridescent
                  | scales. (AC +4) [Jiyva's grace]
 97724 | Pan      | Gained mutation: You are completely covered in iridescent
                  | scales. (AC +6) [Jiyva's grace]
 97943 | Pan      | Noticed Etyatyti the pandemonium lord
 98347 | Pan      | Noticed Ignacio
 98381 | Pan      | Killed Ignacio
 98424 | Pan      | Found an exit through the horrors of the Abyss.
 98891 | Pan      | Killed Etyatyti the pandemonium lord
 98982 | Pan      | Learned a level 7 spell: Spellforged Servitor
 99586 | Pan      | Reached skill level 10 in Summonings
 99690 | Pan      | Identified the +8 plate armour "Awote Kia" {rElec rF+ Int+3
                  | Dex-4}
 99692 | Pan      | Got a demonic rune of Zot
100726 | Pan      | Noticed Jubub the pandemonium lord
100779 | Pan      | Killed Jubub the pandemonium lord
101246 | Pan      | Reached skill level 10 in Shields
101615 | Pan      | Reached skill level 15 in Armour
102209 | Pan      | Found an exit through the horrors of the Abyss.
102339 | Pan      | Noticed Ymoaqeefuy the pandemonium lord
102340 | Pan      | Gained mutation: You are frail. (-10% HP) [a cacodemon]
102362 | Pan      | Killed Ymoaqeefuy the pandemonium lord
102790 | Pan      | Lost mutation: You possess an exceptional clarity of mind.
                  | [Jiyva's grace]
102790 | Pan      | Lost mutation: You are frail. (-10% HP) [Jiyva's grace]
102790 | Pan      | Lost mutation: You have hidden genetic potential. [Jiyva's
                  | grace]
102790 | Pan      | Lost mutation: Your movements are less encumbered by
                  | armour. (ER -4) [Jiyva's grace]
102790 | Pan      | Gained mutation: You passively map a large area around you.
                  | [Jiyva's grace]
102790 | Pan      | Gained mutation: Your pliable body absorbs attacks. (AC +2,
                  | EV +2) [Jiyva's grace]
102790 | Pan      | Gained mutation: Your gelatinous body deflects attacks. (AC
                  | +3, EV +3) [Jiyva's grace]
102790 | Pan      | Gained mutation: You have a small jelly attached to you
                  | that senses nearby items. [Jiyva's grace]
102968 | Depths:2 | Escaped Pandemonium
103479 | Zot:5    | Noticed a dread lich
103514 | Zot:5    | Noticed an orb of fire
103519 | Zot:5    | Noticed an orb of fire
103520 | Zot:5    | Killed a dread lich
103521 | Zot:5    | Reached skill level 15 in Summonings
103537 | Zot:5    | Gained mutation: You are frail. (-10% HP) [an orb of fire]
103539 | Zot:5    | Killed an orb of fire
103564 | Zot:5    | Killed an orb of fire
103645 | Zot:5    | Noticed a dread lich
103652 | Zot:5    | Reached skill level 1 in Translocations
103655 | Zot:5    | Killed a dread lich
103660 | Zot:5    | Noticed an orb of fire
103665 | Zot:5    | Lost mutation: Your muscles are strong. (Str +4, Int/Dex
                  | -1) [an orb of fire]
103675 | Zot:5    | Killed an orb of fire
103704 | Zot:5    | Reached skill level 1 in Throwing
104273 | Zot:5    | Got the Orb of Zot
104588 | Depths:1 | Noticed Cugrufui the pandemonium lord
104617 | Depths:1 | Gained mutation: Your body sometimes deteriorates upon
                  | taking damage. [a neqoxec]
104637 | D:14     | Noticed a seraph
104919 | D:4      | Noticed Bentuaq the pandemonium lord
105007 | D:$      | Escaped with the Orb!

Illustrated notes

Levels and vault maps discovered:
D:1:      scummos_arrival_star, layout_basic, serial_forest,
          infiniplex_forest_corner_1, infiniplex_forest_straight_2,
          infiniplex_forest_corner_1, infiniplex_forest_clump_small,
          infiniplex_forest_end_1, infiniplex_forest_clump_tiny,
          infiniplex_forest_clump_double
D:2:      layout_rooms, hellmonk_ecumenical_altar_leap_of_faith, uniq_sigmund
D:3:      minmay_recursive_quarters, layout_loops_corners,
          overflow_temple_1_default, uniq_ijyb, uniq_grinder
D:4:      layout_loops_cross, kennysheep_okawaru_gauntlet, serial_shops, shop,
          item_on_display_a
D:5:      gammafunk_cloud_chamber, layout_rooms, amcnicky_altar_gilded,
          dancing_weapons_uskayaw, temple_hall
D:6:      layout_loops_ring, gammafunk_ghost_icy
D:7:      layout_cave_pools, nicolae_hepliaklqana_monster_ancestors
D:8:      layout_gridville, nicolae_yredelemnul_corpse_copse
D:9:      layout_roguey, grunt_lair_entry_orc_guard_hut, david_orc_2,
          enter_bailey_6
D:10:     nzn_winding_woodlands_large [nzn_winding_woodlands_5x5_cross,
          nzn_winding_woodlands_5x15_sidewinder,
          nzn_winding_woodlands_5x5_perimeter,
          nzn_winding_woodlands_center_pierced_h,
          nzn_winding_woodlands_15x15_five_gardens,
          nzn_winding_woodlands_center_triple_pond,
          nzn_winding_woodlands_5x5_open_star,
          nzn_winding_woodlands_5x15_longhouse,
          nzn_winding_woodlands_5x5_closed_star], layout_irregular_city,
          nemelex_xobeh_ov_fountains_minmay, nicolae_overflow_hidden_temple,
          uniq_snorg, uniq_lodul
D:11:     minmay_the_grid_3x3 [minmay_the_grid_outer_diamond,
          minmay_the_grid_holed_spiral, minmay_the_grid_diamond_grid,
          minmay_the_grid_pillar_ring, minmay_the_grid_fan,
          minmay_the_grid_square_x, minmay_the_grid_minigrid_small_alt,
          minmay_the_grid_slots, minmay_the_grid_prize_trominoes], layout_basic,
          serial_glass, glass_columns_a, glass_columns_b
D:12:     layout_loops_ring, nrook_mini_backslash, uniq_nessos, uniq_erolcha,
          uniq_maurice
D:13:     layout_irregular_city
D:14:     emtedronai_trogs_sanctum, layout_stronghold,
          grunt_vaults_entry_tiered, lemuel_doored_altar, uniq_azrael,
          uniq_agnes
D:15:     hangedman_depths_entry_try_elsewhere_first, layout_rooms, minivault_11
Lair:1:   layout_cave_pods, hibernation_bobbens, serial_bayou_shore_b,
          grunt_megastairs_1, serial_bayou_shore_b
Lair:2:   layout_gridlike, minmay_swamp_entry_eels, guppyfry_snake_entry_island,
          special_room [special_room_bee]
Lair:3:   layout_gridlike, st_stairs_10, infiniplex_staircase_pool_2
Lair:4:   layout_long_grid, gauntlet_entry_generic, gammafunk_ghost_ooze,
          st_stairs_12, serial_bayou_shore_a
Lair:5:   grunt_lair_end_beastmaster, layout_hall_layers, slime_entry_1,
          nzn_ghost_randoct
Swamp:1:  layout_falls_marsh, hangedman_swamp_ruin_wall,
          infiniplex_staircase_pool
Swamp:2:  layout_basic_swamp, serial_swamp_ruin, evilmike_swamp_ruin_house_4,
          evilmike_swamp_ruin_house_2, evilmike_swamp_ruin_rubble_2
Swamp:3:  layout_basic_swamp, nicolae_swamp_orc_logging_accident
Swamp:4:  swamp_alternative, layout_basic_swamp
Snake:1:  layout_onion_interference, portal_ice_cave_entry_pillars_1,
          serial_bayou_pond_d, nicolae_integral_box
Snake:2:  layout_basic, basic_altar, abandoned_shop, st_stairs_11,
          serial_bayou_shore_b
Snake:3:  layout_cave_pods, drop_trap, nicolae_shop_vocational
Snake:4:  grunt_snake_rune_serpentine_throne, layout_basic, st_stairs_3,
          minmay_shoptagon
Slime:1:  cheibrodos_slime_lost_civilization_8, layout_caves
Slime:2:  layout_caves
Slime:3:  layout_caves, nicolae_slime_barrier
Slime:4:  layout_caves
Slime:5:  uniq_dissolution
Orc:1:    layout_caves, lightli_church_of_beogh
Orc:2:    hellmonk_orc_salted, layout_diamond_mine, serial_shops,
          nicolae_shop_trees, minmay_orc_keep
Elf:1:    nicolae_elf_arrival_dilemma, layout_onion_city,
          portal_desolation_entry_holy_temple, minmay_elf_demonology
Elf:2:    elven_hall_of_blades_hangedman_alternative
          [nicolae_blade_entry_crossed_weapons], layout_geoelf_grid
Elf:3:    minmay_elf_hall_curves, layout_loops_corners, serial_shops,
          nicolae_shop_bloodbath_and_beyond, nicolae_square_shop, shop,
          minivault_19, minmay_elf_annihilation
Vaults:1: dpeg_vaults_pockets_of_resistance, nicolae_vaults_big_angled_halls,
          nicolae_vaults_little_squares_2, hangedman_vaults_cutoff,
          nicolae_vaults_diamond_1, nicolae_vaults_triangles,
          nicolae_vaults_shrinking_rooms_2, v_misc_9,
          nicolae_vaults_little_squares_1, vaults_mumra_chevron_long,
          nicolae_vaults_closet_pinwheel_1, ontoclasm_vaults_loading_screen,
          nicolae_vaults_variable_pillar_hall, nicolae_vaults_tetromino_Z_2,
          nicolae_vaults_closet_pinwheel_6, layout_vaults_maze_bifur
Vaults:2: vaults_mumra_hex, hangedman_vaults_impose,
          nicolae_vaults_enemy_cabinets,
          nicolae_vaults_taking_the_gang_shopping,
          nicolae_vaults_storage_closets_1, v_misc_15, v_alt_pattern_3,
          v_misc_30, minmay_crypt_entry_simple_walls, nicolae_vaults_theta,
          ontoclasm_vaults_twist, layout_vaults_big_cross, uniq_zenata,
          uniq_jory
Vaults:3: nicolae_vaults_network_star, vaults_room_large_hall,
          nicolae_vaults_apartment_1, nicolae_vaults_mini_display_case,
          nicolae_vaults_trapezoid_lopsided_4, nicolae_vaults_more_shelving_1,
          v_misc_18, nicolae_vaults_surprise_closet, v_pattern_3,
          ontoclasm_vaults_idyll, nicolae_vaults_diffraction_hallways,
          layout_vaults_big_room, serial_shops, bzr_entry_gold
Vaults:4: vaults_mumra_minichess_inversion, nicolae_vaults_meiosis,
          nicolae_vaults_yaktaur_gun_rack, v_misc_9,
          nicolae_vaults_storage_closets_3,
          nicolae_vaults_offset_grid_hallway_3,
          nicolae_vaults_diagonal_hallway_7, nicolae_vaults_tetromino_L_1,
          nicolae_vaults_offset_grid_hallway_1, grunt_vaults_focal,
          nicolae_vaults_trapezoid_2, vaults_room_pools,
          nicolae_vaults_angled_halls, nicolae_vaults_windows_and_doors_thing,
          layout_vaults_ring, uniq_mara
Vaults:5: serial_shops
Crypt:1:  layout_gridlike, mu_enter_wizlab_7, grunt_ministairs_15,
          minmay_misc_feat_alley, nicolae_crypt_little_mausoleum,
          grunt_megastairs_2, uniq_vv
Crypt:2:  layout_gridlike, feat_on_display, grunt_megastairs_3
Crypt:3:  quadcrypt_mu
Depths:1: layout_cave_pools, nicolae_kikubaaqudgha_miasma_corner,
          grunt_mini_vestibule, hangedman_eye_storm
Depths:2: minmay_quarter_circles, layout_cave_pools, ziggurat_fallback,
          hell_entry, rand_demon_pan_entry_7, abyss_entry_flame_altar,
          solitary_fountain, uniq_bai_suzhen, uniq_josephina
Depths:3: dreamdust_isle_of_ice, layout_basic, hangedman_coc_ice_floe,
          nicolae_abyss_entry_one_way_or_another, chequers_jeans, uniq_xtahua
Depths:4: grunt_twist_and_shout, layout_cave_shapes, hell_entry,
          abyss_entry_small_statue_room, nicolae_ru_sacrificial_ziggurat,
          xom_redecorated
Hell
Zot:1:    layout_misc_corridors, ebering_ghost_inner_flame
Zot:2:    layout_gridlike, ebering_ghost_reflecting_pool
Zot:3:    layout_concentric_octagons
Zot:4:    layout_basic, hellmonk_ghost_big_iron
Zot:5:    layout_cathedral_of_symmetry, hangedman_zot_decor_scrapings

Skill      XL: |  1  2  3  4  5  6  7  8  9 10 11 12 13 14 15 16 17 18 19 20 21 22 23 24 25 26 27 |
---------------+----------------------------------------------------------------------------------+-----
Conjurations   | 2 3 4 5 6 8 9 11 12 13 15 16 17 18 19 21 | 21.0
Dodging        | 3 4 5 6 8 10 14 16 17 | 17.1
Stealth        | 3 4 5 8 9 11 12 | 12.0
Spellcasting   | 3 4 6 7 8 9 10 11 12 13 14 15 16 17 18 | 18.0
Air Magic      | 5 6 7 9 10 11 13 14 15 16 17 18 19 20 21 24 | 24.1
Fighting       | 3 5 6 8 9 10 11 12 13 14 15 18 20 21 | 21.3
Armour         | 2 4 6 8 9 10 12 14 16 | 16.8
Short Blades   | 4 6 8 10 15 18 | 18.0
Fire Magic     | 4 7 9 12 13 | 13.4
Evocations     | 4 6 9 10 13 14 | 14.4
Poison Magic   | 3 4 |  4.0
Hexes          | 1 2 |  2.0
Shields        | 3 4 10 | 10.0
Necromancy     | 7 8 9 |  9.1
Summonings     | 5 8 16 | 16.0
Translocations | 4 |  4.0
Throwing       | 4 |  4.0

Action                     |  1- 3 |  4- 6 |  7- 9 | 10-12 | 13-15 | 16-18 | 19-21 | 22-24 | 25-27 || total
---------------------------+-------+-------+-------+-------+-------+-------+-------+-------+-------++-------
  Melee: Spear             |    27 |    17 |    34 |       |       |       |       |       |       ||    78
         Kick              |     5 |     6 |    34 |   171 |   555 |   720 |  1034 |  1363 |  1950 ||  5838
         Peck              |     2 |     2 |    19 |   101 |   384 |   472 |   680 |   902 |  1175 ||  3737
         Dagger            |       |       |    64 |   412 |  1111 |   187 |       |       |       ||  1774
         Punch             |       |       |     1 |     7 |    24 |    18 |       |       |       ||    50
         Quick blade       |       |       |       |       |       |  1235 |  1804 |  2034 |   529 ||  5602
         Scimitar          |       |       |       |       |       |     3 |       |       |       ||     3
         Pseudopods        |       |       |       |       |       |       |   399 |   859 |  1154 ||  2412
         Rapier            |       |       |       |       |       |       |       |       |  2311 ||  2311
         Bite              |       |       |       |       |       |       |       |       |   440 ||   440
         Staff             |       |       |       |       |       |       |       |       |     2 ||     2
  Throw: Dart              |       |       |       |     2 |     2 |       |     2 |     1 |     2 ||     9
         Javelin           |       |       |       |       |       |       |     3 |       |       ||     3
         Throwing net      |       |       |       |       |       |       |     2 |     1 |     1 ||     4
         Boomerang         |       |       |       |       |       |       |       |       |     1 ||     1
   Cast: Shock             |    66 |    69 |   182 |   265 |   259 |   611 |   200 |   166 |   172 ||  1990
         Static Discharge  |       |       |    21 |   112 |   127 |     2 |     1 |       |     7 ||   270
         Arcjolt           |       |       |       |       |    78 |   180 |    89 |   179 |   156 ||   682
         Airstrike         |       |       |       |       |     5 |    37 |    51 |    49 |   111 ||   253
         Iskenderun's Batt |       |       |       |       |     1 |    11 |     2 |       |     2 ||    16
         Mephitic Cloud    |       |       |       |       |       |    12 |     8 |    16 |     4 ||    40
         Sticky Flame      |       |       |       |       |       |     5 |       |       |       ||     5
         Fulminant Prism   |       |       |       |       |       |       |     1 |       |     1 ||     2
         Starburst         |       |       |       |       |       |       |     8 |    72 |     3 ||    83
         Dispel Undead     |       |       |       |       |       |       |       |    16 |    72 ||    88
         Blink             |       |       |       |       |       |       |       |     3 |     7 ||    10
         Summon Lightning  |       |       |       |       |       |       |       |     4 |     7 ||    11
         Swiftness         |       |       |       |       |       |       |       |       |     4 ||     4
         Maxwell's Capacit |       |       |       |       |       |       |       |       |    11 ||    11
         Spellforged Servi |       |       |       |       |       |       |       |       |     9 ||     9
 Invoke: Foxfire Swarm     |       |     2 |       |     2 |       |       |       |       |       ||     4
         Fiery Armour      |       |       |       |       |     5 |       |       |       |       ||     5
         Rising Flame      |       |       |       |       |       |     1 |       |       |       ||     1
         Oozemancy         |       |       |       |       |       |     1 |     6 |     5 |    12 ||    24
         Slimify           |       |       |       |       |       |       |     1 |       |     1 ||     2
  Evoke: Wand              |       |     3 |     5 |    20 |     4 |    11 |    19 |    21 |    26 ||   109
         Box of beasts     |       |       |       |     1 |     1 |       |       |       |       ||     2
         Phantom mirror    |       |       |       |       |     1 |       |     1 |     2 |       ||     4
         Condenser vane    |       |       |       |       |       |     1 |     1 |     1 |       ||     3
         Horn of Geryon    |       |       |       |       |       |       |       |       |     1 ||     1
    Use: Scroll            |       |     3 |    15 |    13 |     5 |     8 |     8 |     2 |     6 ||    60
         Potion            |       |     3 |     1 |     4 |     1 |     2 |     7 |     5 |     6 ||    29
   Stab: Sleeping          |     1 |       |     3 |     2 |     9 |    17 |    30 |    22 |    38 ||   122
         Distracted        |       |       |       |     1 |     5 |     3 |    10 |     5 |    30 ||    54
         Petrified         |       |       |       |       |     3 |       |       |       |       ||     3
         Confused          |       |       |       |       |       |    18 |    27 |    33 |    20 ||    98
         Invisible         |       |       |       |       |       |       |       |     8 |     7 ||    15
         Held in net/web   |       |       |       |       |       |       |       |     1 |       ||     1
 Armour: Robe              |    10 |     4 |    14 |     5 |       |       |       |       |       ||    33
         Scale mail        |       |       |       |   152 |   341 |   325 |   266 |   243 |   310 ||  1637
  Dodge: Dodged            |    26 |    36 |   214 |   505 |   895 |   609 |   538 |  1084 |  2180 ||  6087
  Block: Other             |       |       |       |   105 |   201 |   102 |       |       |       ||   408
         Buckler           |       |       |       |       |       |    91 |   389 |   341 |  1351 ||  2172
         Reflection        |       |       |       |       |       |       |       |     8 |     9 ||    17

Table legend: (Time is in decaauts)
 A = Elapsed time spent in this place.
 B = Non-inter-level travel time spent in this place.
 C = Inter-level travel time spent in this place.
 D = Time resting spent in this place.
 E = Time spent auto-exploring this place.
 F = Levels seen in this place.
 G = Mean time per level.
                   A        B        C        D        E       F      G
               +--------+--------+--------+--------+--------+-----+--------+
         Total |  98480 |  91299 |   7181 |  38350 |  28702 |  70 | 1406.9 |
       Dungeon |  26931 |  23966 |   2965 |  10345 |   9246 |  15 | 1795.4 |
          Lair |  18021 |  16559 |   1462 |  10593 |   2502 |   5 | 3604.2 |
         Swamp |   2936 |   2875 |     61 |    893 |   1342 |   4 |  734.0 |
     Snake Pit |   8281 |   8079 |    202 |   3680 |   2429 |   4 | 2070.2 |
    Slime Pits |    424 |    271 |    153 |      0 |    108 |   5 |   84.8 |
  Orcish Mines |   2203 |   2010 |    193 |    111 |   1402 |   2 | 1101.5 |
   Elven Halls |   3300 |   3169 |    131 |    302 |   1287 |   3 | 1100.0 |
        Vaults |   7054 |   6466 |    588 |   1311 |   3273 |   5 | 1410.8 |
         Crypt |   3923 |   3755 |    168 |    494 |   1553 |   3 | 1307.7 |
        Depths |  10140 |   9439 |    701 |   4909 |   1864 |   4 | 2535.0 |
          Hell |    654 |    645 |      9 |    176 |    193 |   1 |  654.0 |
           Zot |   6902 |   6361 |    541 |   2052 |   2188 |   5 | 1380.4 |
   Pandemonium |   5628 |   5628 |      0 |   2044 |   1273 |   4 | 1407.0 |
      Ziggurat |    873 |    873 |      0 |    577 |      0 |   8 |  109.1 |
        Bazaar |    230 |    230 |      0 |    151 |      0 |   1 |  230.0 |
        Bailey |    973 |    973 |      0 |    706 |     36 |   1 |  973.0 |
               +--------+--------+--------+--------+--------+-----+--------+

Top non-repeatable levels by time:
  Lair:2: 5047 daAuts
  Lair:5: 4388 daAuts
Depths:2: 4290 daAuts
  Lair:1: 3570 daAuts
 Snake:2: 3424 daAuts
     D:9: 2915 daAuts
  Lair:4: 2719 daAuts
    D:10: 2599 daAuts
    D:14: 2432 daAuts
     D:3: 2344 daAuts
  Lair:3: 2296 daAuts
Depths:4: 2248 daAuts
    D:11: 2226 daAuts
Depths:3: 2223 daAuts
    D:13: 1924 daAuts
